 Dungeon Crawl Stone Soup version 0.25-a0-362-g90ccd6aac3 (console) character file.

Game seed: 11714891434644001073, levelgen mode: deterministic

74 Kagalorn the Sneak (level 4, -2/38 HPs)
             Began as a Naga Arcane Marksman on Jan 4, 2020.
             Slain by a gnoll
             ... wielding a +0 flail
              (12 damage)
             ... on level 2 of the Dungeon.
             The game lasted 00:03:40 (1161 turns).

Kagalorn the Sneak (Naga Arcane Marksman)           Turns: 1161, Time: 00:03:41

Health: -2/38      AC:  2    Str: 14    XL:     4   Next: 30%
Magic:  5/5        EV: 10    Int: 13    God:
Gold:   56         SH:  0    Dex: 11    Spells: 4/5 levels left

rFire    . . .     SeeInvis +   b - +0 dagger
rCold    . . .     Gourm    .   (no shield)
rNeg     . . .     Faith    .   e - +0 robe
rPois    +         Spirit   .   (no helmet)
rElec    .         Reflect  .   (no cloak)
rCorr    .         Harm     .   (no gloves)
MR       .....                  (no barding)
Stlth    +++.......             (no amulet)
HPRegen  0.12/turn              (no ring)
MPRegen  0.09/turn              (no ring)

@: short of breath, very slow
A: large, see invisible, deformed body, poison resistance, slowness 2, slow
metabolism 1, spit poison 1, AC +1
a: Spit Poison


You were on level 2 of the Dungeon.
You were very hungry.

You visited 1 branch of the dungeon, and saw 2 of its levels.

You collected 56 gold pieces.

Inventory:

Hand Weapons
 a - a +0 hand crossbow
 b - a +0 dagger (weapon)
Missiles
 d - 20 bolts
Armour
 e - a +0 robe (worn)
Jewellery
 g - an uncursed ring of flight {unknown}
Scrolls
 h - a scroll of blinking {unknown}
 i - a scroll of random uselessness {unknown}
 j - a scroll of enchant weapon {unknown}
Comestibles
 f - 3 rations


   Skills:
 - Level 1.0 Fighting
 * Level 2.8 Crossbows
 - Level 1.5 Dodging
 * Level 4.6 Stealth
 - Level 1.0 Spellcasting
 - Level 3.0 Hexes


You had 4 spell levels left.
You knew the following spells:

 Your Spells              Type           Power        Failure   Level  Hunger
a - Corona                Hex            #......      9%          1    ##.....

Your spell library contained the following spells:

 Spells                   Type           Power        Failure   Level  Hunger
 Slow                     Hex            #.......     12%         2    ###....
 Inner Flame              Hex/Fire       #.......     41%         3    ####...
 Portal Projectile        Hex/Tloc       #.....       41%         3    ####...
 Cause Fear               Hex            #.........   63%         4    #####..
 Leda's Liquefaction      Hex/Erth       #.........   83%         4    #####..


Dungeon Overview and Level Annotations

Branches:
Dungeon (2/15)

Altars:


Innate Abilities, Weirdness & Mutations

You cannot wear boots.
Your serpentine skin is tough. (AC +1)
You have supernaturally acute eyesight. (SInv)
Armour fits poorly on your strangely shaped body.
Your system is resistant to poisons. (rPois)
You cover ground very slowly.
You have a slow metabolism.
You can spit poison.


Message History

Press: ? - help, Shift-Dir - straight line, f/p - gnoll
Aim: a gnoll, wielding a +0 flail (almost dead, poisoned)
You throw a javelin.
The javelin pierces through the gnoll but does no damage.
The gnoll is almost dead.
The javelin closely misses the gnoll.
You have got your breath back.
The gnoll hits you with a +0 flail.
* * * LOW HITPOINT WARNING * * *
Firing (i - inventory) No suitable missiles.
Press: ? - help, Shift-Dir - straight line, f/p - gnoll
Aim: a gnoll, wielding a +0 flail (almost dead, poisoned)
Okay, then.
You kill the gnoll!
Press: ? - help, Shift-Dir - straight line, f - gnoll
Aim: a gnoll, wielding a +0 flail (lightly wounded)
The splash of poison hits the gnoll!
The gnoll is poisoned.
The gnoll is severely wounded.
You feel slightly more hungry. The gnoll hits you with a +0 flail!
You die...

.( .## .(#
..# #.#######
#)##....#
#)##.##.##
#g##.#...#
#.@..##..#
#######..####
##.#..#
#.#..# #....#
#<..## #####


You could see a gnoll.

Vanquished Creatures
  3 gnolls
  An adder (D:1)
  A dart slug (D:1)
  2 leopard geckos
  7 bats
  6 giant cockroaches
  A hobgoblin (D:1)
  A ball python (D:1)
  A frilled lizard (D:1)
  5 goblins
  7 rats (D:1)
35 creatures vanquished.

Notes
Turn   | Place    | Note
-------+----------+-------------------------------------------
     0 | D:1      | Kagalorn the Naga Arcane Marksman began the quest for the
                  | Orb.
     0 | D:1      | Reached XP level 1. HP: 18/18 MP: 2/2
    56 | D:1      | Reached skill level 1 in Stealth
   129 | D:1      | Reached skill level 2 in Stealth
   149 | D:1      | Reached XP level 2. HP: 23/25 MP: 3/3
   193 | D:1      | Reached skill level 3 in Stealth
   325 | D:1      | Reached XP level 3. HP: 31/31 MP: 4/4
   841 | D:2      | Reached skill level 4 in Stealth
  1154 | D:2      | Reached XP level 4. HP: 38/38 MP: 5/5
  1161 | D:2      | Slain by a gnoll

Levels and vault maps discovered:
D:1:      ebering_hopf_link, layout_loops_corners
D:2:      layout_basic, minmay_overflow_temple_star_hex,
          nicolae_dithmenos_through_a_glass_darkly

Skill      XL: |  1  2  3 |
---------------+----------+-----
Stealth        | 2 3 4 |  4.6
Crossbows      | 2 |  2.8
Fighting       | |  1.0
Dodging        | |  1.5
Spellcasting   | |  1.0
Hexes          | |  3.0

Action                   |  1- 3 |  4- 6 || total
-------------------------+-------+-------++-------
Melee: Unarmed           |     9 |       ||     9
       Dagger            |    38 |       ||    38
Throw: Javelin           |     8 |     4 ||    12
 Abil: Spit Poison       |    34 |     2 ||    36
 Stab: Sleeping          |     1 |       ||     1
  Eat: Chunk             |     1 |       ||     1
Armor: Robe              |    15 |       ||    15
Dodge: Dodged            |    40 |     1 ||    41

Table legend:
 A = Non-vault XP
 B = Vault XP
 C = Vault XP percentage of total XP
 D = Non-vault monster count
 E = Vault monster count
 F = Vault count percentage of total count
                 A         B        C        D         E       F
            +---------+---------+-------+---------+---------+-------
      Total |     107 |       0 |   0.0 |      35 |       0 |   0.0
            +---------+---------+-------+---------+---------+-------
        D:1 |      67 |       0 |   0.0 |      27 |       0 |   0.0
        D:2 |      40 |       0 |   0.0 |       8 |       0 |   0.0
            +---------+---------+-------+---------+---------+-------
